 Dungeon Crawl Stone Soup version 0.30.1 (webtiles) character file.

Game seed: 14559847660495671991

604 Sanktem7 the Chopper (level 7, -2/54 (61) HPs)
             Began as a Minotaur Fighter on July 7, 2023.
             Slain by a wight
             ... wielding a +2 great sword
              (5 damage)
             ... on level 5 of the Dungeon.
             The game lasted 00:04:30 (4808 turns).

Sanktem7 the Chopper (Minotaur Fighter)             Turns: 4808, Time: 00:04:31

HP:   -2/54 (61)    AC: 16    Str: 23    XL:     7   Next: 18%
MP:   6/6           EV:  8    Int:  5    God:
Gold: 387           SH:  4    Dex:  9    Spells: 6/6 levels left

rFire   . . .        a - +0 war axe {axe}
rCold   . . .        c - +0 buckler
rNeg    . . .        z - +0 chain mail
rPois   .            (helmet restricted)
rElec   .            r - +2 cloak
rCorr   .            u - +2 pair of gloves
SInv    .            (no boots)
Will    .....        (no amulet) Stlth
                     (no ring)
HPRegen 0.29/turn    (no ring)
MPRegen 0.10/turn

%: no passive effects
@: heavily drained
A: horns 2, retaliatory headbutt
a: no special abilities


You were on level 5 of the Dungeon.
You visited 1 branch of the dungeon, and saw 6 of its levels.

You collected 387 gold pieces.


Innate Abilities, Weirdness & Mutations

You have a pair of horns on your head.
You reflexively headbutt those who attack you in melee.


   Skills:
 + Level 5.3 Fighting
 * Level 6.0 Axes
 + Level 2.0 Throwing
 + Level 5.4 Armour
 + Level 5.3 Shields


You had 6 spell levels left.
You didn't know any spells.
Your spell library contained the following spells:

 Spells                   Type           Power      Damage    Failure   Level
 Apportation              Tloc           0%         N/A       98%         1
 Kiss of Death            Conj/Necr      0%         2d5       98%         1
 Necrotise                Necr           0%         1d4       98%         1
 Sandblast                Erth           0%         2d4       98%         1
 Summon Small Mammal      Summ           0%         N/A       98%         1
 Passwall                 Tmut/Erth      0%         N/A       99%         2
 Confusing Touch          Hex            0%         N/A       100%        3
 Stone Arrow              Conj/Erth      0%         3d7       100%        3
 Vhi's Electric Charge    Tloc/Air       0%         N/A       100%        3
 Dispel Undead            Necr           0%         3d6       100%        4
 Arcjolt                  Conj/Air       0%         1d10      100%        5
 Maxwell's Capacitive Co  Air            0%         ∞         100%        8

Inventory:

Hand Weapons
 a - a +0 war axe (weapon) {axe}
 b - a +1 heavy hand axe {axe}
   (You took it off an orc on level 5 of the Dungeon)
 w - a +2 whip of freezing {mace}
   (You found it on level 5 of the Dungeon)
Missiles
 e - 39 stones (quivered) {throwing}
 s - 10 poisoned darts {throwing}
Armour
 c - a +0 buckler (worn)
 r - a +2 cloak (worn)
   (You found it on level 3 of the Dungeon)
 u - a +2 pair of gloves (worn)
   (You found it on level 4 of the Dungeon)
 z - a +0 chain mail (worn)
   (You found it on level 5 of the Dungeon)
Wands
 v - a wand of paralysis (1)
   (You found it on level 4 of the Dungeon)
Scrolls
 f - 3 scrolls of blinking {unknown}
 h - a scroll of noise {unknown}
 k - 3 scrolls of enchant armour {unknown}
 l - 2 scrolls of vulnerability {unknown}
 o - 2 scrolls of identify {unknown}
 p - a scroll of fog {unknown}
 t - 3 scrolls of teleportation {unknown}
 y - 2 scrolls of immolation {unknown}
Potions
 d - 2 potions of might
 g - 5 potions of attraction {unknown}
 i - 2 potions of magic {unknown}
 j - 2 potions of cancellation {unknown}
 m - 2 potions of haste {unknown}
 n - 2 potions of ambrosia {unknown}
 q - 2 potions of curing {unknown}
 x - a potion of mutation {unknown}

Dungeon Overview and Level Annotations

Branches:
Dungeon (6/15) Zot: 26920
 Temple: D:4-7

Altars:
Dithmenos
Kikubaaqudgha
Trog
Xom

......# #.......##........
......# #####....)..##........
......#
###...#..###..###.......
......# ##.....#..###..#
###.....
.)....###......#..###..#
###.####
.......##......#.......###...#
#
.....##........#.......##....##
.....####......#########.#....#
....## #.......@..##..##.....#
....# #........z#..###......#
...## ##..........####.......#
#### #........#.## #........#
#........#.# ##........#
##......#..# #.........### #
####..##..###..........## # ###
#####.###...........## #
#.##### #.# #........#..##


You could see a wight.


Message History

You take 7 damage, and now have 43/61 hp.
You are too injured to fight recklessly!
You are too injured to fight recklessly!
You are too injured to fight recklessly!
You are too injured to fight recklessly!
You are too injured to fight recklessly!
You are too injured to fight recklessly!
You are too injured to fight recklessly!
Unknown command.
The wight attacks as you move away!
The wight hits you but does no damage. 😮 HP[+1] 😮 HP[+1]
The sleepcap attacks as you move away!
The sleepcap releases spores at you but does no damage.
The sleepcap attacks as you move away!
The sleepcap releases spores at you but does no damage. 😕 HP[+1]
The sleepcap attacks as you move away!
The sleepcap barely misses you. 😕 HP[+1]
You hit the sleepcap.
You headbutt the sleepcap, but do no damage.
The sleepcap releases spores at you. 😮 HP[-2]
You take 2 damage, and now have 45/61 hp.
You hit the sleepcap.
The sleepcap releases spores at you but does no damage.
The wight hits you from afar with a +3 halberd.
You feel drained. 😮 HP[-7]
You now have 60 max hp (-1).
You take 7 damage, and now have 38/60 hp.
You hit the sleepcap but do no damage.
The sleepcap releases spores at you but does no damage.
The wight barely misses you.
The sleepcap releases spores at you but does no damage. 😮 HP[+1]
You slash the sleepcap!
The sleepcap releases spores at you but does no damage.
You hit the sleepcap.
The sleepcap releases spores at you but does no damage.
You slash the sleepcap!
You destroy the sleepcap!
Your life force feels restored. 😮 HP[+1]
You now have 61 max hp (+1).
You closely miss the wight. Your headbutt misses the wight.
The wight completely misses you. The wight hits you but does no damage.
You hit the wight. Your headbutt misses the wight.
The wight hits you but does no damage.
The wight hits you with a +2 great sword!
You feel drained.
* * * LOW HITPOINT WARNING * * *
The wight closely misses you.
The wight hits you with a +2 great sword.
* * * LOW HITPOINT WARNING * * *
You feel drained. 😨 HP[-13]
You now have 59 max hp (-2).
You take 13 damage, and now have 27/59 hp.
MASSIVE DAMAGE!! (PAUSE)
The wight attacks as you move away! You block the wight's attack. 😨 HP[+1]
The wight attacks as you move away!
The wight hits you with a +2 great sword!
* * * LOW HITPOINT WARNING * * *
You feel drained.
* * * LOW HITPOINT WARNING * * *
😨 HP[-8]
You now have 58 max hp (-1).
You take 8 damage, and now have 20/58 hp.
The wight attacks as you move away! The wight barely misses you. 😨 HP[+1]
The wight attacks as you move away!
The wight hits you with a +2 great sword!
* * * LOW HITPOINT WARNING * * *
You feel drained. 😱 HP[-8]
You now have 56 max hp (-2).
You take 8 damage, and now have 13/56 hp.
The wight attacks as you move away! The wight hits you but does no damage.
The wight attacks as you move away! The wight hits you but does no damage.
There is a stone staircase leading up here. 😱 HP[+1]
The wight hits you with a +2 great sword.
* * * LOW HITPOINT WARNING * * *
You climb upwards.
There is a stone staircase leading down here. 😱 HP[-5]
You take 5 damage, and now have 9/56 hp.
You slash the wight!
The wight hits you with a +2 great sword.
* * * LOW HITPOINT WARNING * * *
You feel drained.
* * * LOW HITPOINT WARNING * * *
😱 HP[-6]
You now have 54 max hp (-2).
You take 6 damage, and now have 3/54 hp.
You closely miss the wight.
The wight hits you with a +2 great sword.
You die...

Skill      XL: |  1  2  3  4  5  6  7 |
---------------+----------------------+-----
Axes           | 3 4 5 6 |  6.0
Armour         | 4 5 |  5.4
Fighting       | 4 5 |  5.3
Shields        | 4 5 |  5.3
Throwing       | 1 2 |  2.0

Action                     |  1- 3 |  4- 6 |  7- 9 || total
---------------------------+-------+-------+-------++-------
  Melee: War axe           |    95 |    99 |    32 ||   226
         Headbutt          |    15 |    14 |     3 ||    32
 Armour: Scale mail        |    41 |    58 |       ||    99
         Chain mail        |       |     5 |    27 ||    32
  Dodge: Dodged            |    29 |    70 |     8 ||   107
  Block: Buckler           |    17 |    37 |     7 ||    61

Levels and vault maps discovered:
D:1:      scummos_arrival_gate, layout_loops_corners,
          shapermc_ecumenical_altar_pompeii
D:2:      layout_loops_cross, minmay_lizard_king
D:3:      layout_loops_cross, amcnicky_altar_gilded
D:4:      layout_layer_cave, lemuel_doored_altar,
          mainiacjoe_overflow_cross_hatched, mainiacjoe_overflow_tiny_flanked,
          nicolae_wormholes, uniq_eustachio
D:5:      layout_cave_pods, kennysheep_generic_room_11
D:6:      layout_loops_ring, minmay_temple_entry_ruins

Notes
Turn   | Place    | Note
-------+----------+-------------------------------------------
     0 | D:1      | Sanktem7 the Minotaur Fighter began the quest for the Orb.
     0 | D:1      | Reached XP level 1. HP: 19/19 MP: 0/0
     0 | D:1      | magus.rc [v1.9.6]
   171 | D:1      | Reached XP level 2. HP: 13/27 MP: 1/1
   354 | D:1      | You pick up a book of Cantrips and begin reading...
   354 | D:1      | You add the spells Necrotise, Summon Small Mammal and
                  | Apportation to your library.
   411 | D:1      | Reached skill level 3 in Axes
   473 | D:1      | Found a faded altar of an unknown god.
   504 | D:1      | You pick up a book of Touch and begin reading...
   504 | D:1      | You add the spells Kiss of Death, Confusing Touch and
                  | Dispel Undead to your library.
   833 | D:1      | Reached skill level 4 in Armour
  1053 | D:2      | Reached skill level 4 in Fighting
  1053 | D:2      | Reached XP level 3. HP: 31/33 MP: 2/2
  1054 | D:2      | Reached skill level 4 in Shields
  1724 | D:3      | Reached skill level 4 in Axes
  1724 | D:3      | Reached XP level 4. HP: 39/40 MP: 3/3
  1744 | D:3      | Found an ancient bone altar of Kikubaaqudgha.
  2093 | D:3      | Reached XP level 5. HP: 47/47 MP: 4/4
  2547 | D:4      | Found a shimmering altar of Xom.
  2585 | D:4      | You add the spells Vhi's Electric Charge, Arcjolt and
                  | Maxwell's Capacitive Coupling to your library.
  2609 | D:4      | Found a bloodstained altar of Trog.
  2816 | D:4      | Found a shadowy altar of Dithmenos.
  2920 | D:4      | Noticed Eustachio
  2938 | D:4      | Killed Eustachio
  2939 | D:4      | Reached skill level 5 in Axes
  2939 | D:4      | Reached skill level 1 in Throwing
  2939 | D:4      | Reached XP level 6. HP: 19/55 MP: 5/5
  3373 | D:4      | You pick up a book of Geomancy and begin reading...
  3373 | D:4      | You add the spells Sandblast, Passwall and Stone Arrow to
                  | your library.
  3783 | D:5      | Entered Level 5 of the Dungeon
  3790 | D:5      | Reached skill level 5 in Armour
  3877 | D:5      | Reached skill level 5 in Fighting
  3964 | D:5      | Reached skill level 5 in Shields
  4460 | D:5      | Reached XP level 7. HP: 44/61 MP: 6/6
  4775 | D:6      | Reached skill level 6 in Axes
  4775 | D:6      | Reached skill level 2 in Throwing
  4801 | D:6      | HP: 12/58 [wight/+2 great sword (9)]
  4807 | D:5      | HP: 5/56 [wight/+2 great sword (5)]
  4808 | D:5      | Slain by a wight

Vanquished Creatures
  Eustachio (D:4)
  An ogre (D:5)
  An orc priest (D:3)
  A jelly (D:6)
  2 sleepcaps
  An iguana (D:5)
  2 orc wizards
  4 gnolls
  5 adders
  4 worms
  3 dart slugs
  15 orcs
  5 bats
  3 endoplasms (D:1)
  2 giant cockroaches (D:1)
  9 goblins
  3 hobgoblins
  4 kobolds
  7 quokkas
  6 ball pythons
  10 frilled lizards (D:2)
  4 rats (D:1)
93 creatures vanquished.

Table legend:
 A = Non-vault XP
 B = Vault XP
 C = Vault XP percentage of total XP
 D = Non-vault monster count
 E = Vault monster count
 F = Vault count percentage of total count
                 A         B        C        D         E       F
            +---------+---------+-------+---------+---------+-------
      Total |     632 |     232 |  26.9 |      79 |      14 |  15.1
            +---------+---------+-------+---------+---------+-------
        D:1 |      40 |       0 |   0.0 |      23 |       0 |   0.0
        D:2 |      24 |      10 |  29.4 |      12 |      10 |  45.5
        D:3 |     144 |       0 |   0.0 |      18 |       0 |   0.0
        D:4 |      53 |     207 |  79.6 |       9 |       3 |  25.0
        D:5 |     295 |      15 |   4.8 |      15 |       1 |   6.2
        D:6 |      76 |       0 |   0.0 |       2 |       0 |   0.0
            +---------+---------+-------+---------+---------+-------

Skill      XL: |  1  2  3  4  5  6  7 |
---------------+----------------------+-----
Axes           | 3 4 5 6 |  6.0
Armour         | 4 5 |  5.4
Fighting       | 4 5 |  5.3
Shields        | 4 5 |  5.3
Throwing       | 1 2 |  2.0

Action                     |  1- 3 |  4- 6 |  7- 9 || total
---------------------------+-------+-------+-------++-------
  Melee: War axe           |    95 |    99 |    32 ||   226
         Headbutt          |    15 |    14 |     3 ||    32
 Armour: Scale mail        |    41 |    58 |       ||    99
         Chain mail        |       |     5 |    27 ||    32
  Dodge: Dodged            |    29 |    70 |     8 ||   107
  Block: Buckler           |    17 |    37 |     7 ||    61

Illustrated notes

Table legend:
 A = Kills in this place as a percentage of kills in the entire game.
 B = Kills by you in this place as a percentage of kills by you in the entire game.
 C = Kills by friends in this place as a percentage of kills by friends in the entire game.
 D = Other kills in this place as a percentage of other kills in the entire game.
 E = Experience gained in this place as a percentage of experience gained in the entire game.
 F = Experience gained in this place divided by the number of levels of this place that you have seen.
                   A       B       C       D       E      F
               +-------+-------+-------+-------+-------+----------------------
         Total | 100.0 | 100.0 |   N/A |   N/A | 100.0 | 144.0
       Dungeon | 100.0 | 100.0 |   N/A |   N/A | 100.0 | 144.0
               +-------+-------+-------+-------+-------+----------------------

Table legend: (Time is in decaauts)
 A = Elapsed time spent in this place.
 B = Non-inter-level travel time spent in this place.
 C = Inter-level travel time spent in this place.
 D = Time resting spent in this place.
 E = Time spent auto-exploring this place.
 F = Levels seen in this place.
 G = Mean time per level.
                   A        B        C        D        E       F      G
               +--------+--------+--------+--------+--------+-----+--------+
         Total |   4878 |   4735 |    143 |      0 |   4125 |   6 |  813.0 |
       Dungeon |   4878 |   4735 |    143 |      0 |   4125 |   6 |  813.0 |
               +--------+--------+--------+--------+--------+-----+--------+

Top non-repeatable levels by time:
     D:4: 1274 daAuts
     D:1: 1054 daAuts
     D:5: 964 daAuts
     D:3: 867 daAuts
     D:2: 640 daAuts
     D:6: 75 daAuts
